 Dungeon Crawl Stone Soup version 0.31-a0-700-gf13585253f (webtiles) character file.

Game seed: 7325254091520610367

76460 Dirtsage the Grappler (level 15, -16/180 HPs)
             Began as a Troll Shapeshifter on Sept 7, 2023.
             Was a High Priest of Uskayaw.
             Killed from afar by an ironbound frostheart (31 damage)
             ... by creeping frost
             ... on level 14 of the Dungeon.
             The game lasted 01:15:04 (20239 turns).

Dirtsage the Grappler (Troll Shapeshifter)         Turns: 20239, Time: 01:15:05

Health: -16/180    AC: 14    Str: 31    XL:     15   Next: 12%
Magic:  21/21      EV:  9    Int:  8    God:    Uskayaw [*****.]
Gold:   1279       SH:  0    Dex:  8    Spells: 10/14 levels left

rFire   . .          .
                       - Unarmed
rCold   . . .        (shield currently unavailable)
rNeg    . . .        a - melded +1 animal skin
rPois   +            s - melded +2 hat
rElec   .            o - melded scarf {repulsion}
rCorr   +            (gloves unavailable)
SInv    .            (boots unavailable)
Will    +....        Y - amulet of faith
Stlth   +            u - ring of Baittich {Fly rPois rCorr Dex-5}
HPRegen 1.30/turn    j - +4 ring of protection
MPRegen 0.17/turn

%: faith
@: lethally poisoned (-16 -> -45), snake-form, frozen, flying, studying Armour,
very slow
A: constrict, boosted hp, large, unfitting armour, (claws 3), regeneration 1,
(shaggy fur 1), (tough skin 1)
a: Begin Untransformation, Renounce Religion, Stomp, Line Pass, Grand Finale


You were on level 14 of the Dungeon.
You worshipped Uskayaw.
Uskayaw was aware of your devotion.
You were an enormous anaconda.
You visited 5 branches of the dungeon, and saw 23 of its levels.
You also visited: Bailey and Gauntlet.

You collected 1745 gold pieces.
You spent 466 gold pieces at shops.

Inventory:

Missiles
 p - 2 throwing nets
 x - 3 curare-tipped darts
Armour
 a - a +1 animal skin (melded)
 o - a scarf of repulsion (melded)
 s - a +2 hat (melded)
Jewellery
 g - a ring of fire
 j - a +4 ring of protection (right hand)
 u - the ring of Baittich (left hand) {Fly rPois rCorr Dex-5}
   (You found it in a Gauntlet)

   [ring of resist corrosion]

   Dex-5:     It affects your dexterity (-5).
   rPois:     It protects you from poison Fly: It grants you flight.
   rCorr:     It protects you from acid and corrosion.
 A - a ring of willpower
 F - a ring of protection from fire
 H - a ring of flight
 I - a ring of protection from cold
 N - a ring of positive energy
 P - a ring of poison resistance
 S - a ring of see invisible
 T - an amulet of regeneration
 W - a ring of wizardry
 Y - an amulet of faith (around neck)
Talismans
 c - a beast talisman
 w - a serpent talisman (active)
 O - a flux talisman
Wands
 d - a wand of mindburst (4)
 m - a wand of flame (113)
 r - a wand of roots (26)
 D - a wand of digging (2)
 K - a wand of acid (5)
Scrolls
 e - 3 scrolls of revelation
 f - 2 scrolls of vulnerability
 i - a scroll of silence
 t - 10 scrolls of teleportation
 z - 3 scrolls of noise
 B - 4 scrolls of blinking
 C - 6 scrolls of enchant armour
 G - 6 scrolls of poison
 J - a scroll of butterflies
 M - a scroll of immolation
 Q - 2 scrolls of fog
Potions
 b - a potion of lignification
 h - 2 potions of haste
 k - a potion of cancellation
 l - 2 potions of heal wounds
 n - 2 potions of resistance
 q - 6 potions of curing
 v - a potion of enlightenment
 y - 2 potions of ambrosia
 E - 4 potions of invisibility
 L - 3 potions of mutation
 U - 2 potions of attraction
 V - 2 potions of berserk rage
 X - 2 potions of magic
 Z - 2 potions of brilliance


   Skills:
 + Level 10.3 Fighting
 + Level 10.8 Armour
 - Level 1.5 Dodging
 + Level 8.7 Shields
 + Level 12.8 Unarmed Combat
 + Level 10.6 Invocations
 - Level 12.1 Shapeshifting


You had 10 spell levels left.
You knew the following spells:

 Your Spells              Type           Power      Damage    Failure   Level
a - Lesser Beckoning      Tloc           0%         N/A       54%         2
b - Blink                 Tloc           0%         N/A       54%         2

Your spell library contained the following spells:

 Spells                   Type           Power      Damage    Failure   Level
 Sandblast                Erth           0%         2d4       41%         1
 Shock                    Conj/Air       0%         1d3       41%         1
 Sting                    Tmut/Pois      0%         1d3       41%         1
 Ensorcelled Hibernation  Hex/Ice        0%         N/A       54%         2
 Momentum Strike          Conj/Tloc      0%         3d8       54%         2
 Passwall                 Tmut/Erth      0%         N/A       54%         2
 Poisonous Vapours        Pois/Air       0%         N/A       54%         2
 Searing Ray              Conj           0%         2d4       54%         2
 Static Discharge         Conj/Air       0%         2-2/arc   54%         2
 Dazzling Flash           Conj/Hex       0%         N/A       78%         3
 Ozocubu's Armour         Ice            0%         N/A       78%         3
 Stone Arrow              Conj/Erth      0%         3d7       78%         3
 Swiftness                Air            0%         N/A       78%         3
 Volatile Blastmotes      Fire/Tloc      0%         2d10      78%         3
 Airstrike                Air            0%         2d(0-16)  99%         4
 Fulminant Prism          Conj/Hex       0%         3d5       99%         4
 Iskenderun's Mystic Bla  Conj/Tloc      0%         2d3       99%         4
 Leda's Liquefaction      Hex/Erth       0%         N/A       99%         4
 Olgreb's Toxic Radiance  Pois           0%         N/A       99%         4
 Lee's Rapid Deconstruct  Erth           0%         3d4*      100%        5
 Metabolic Englaciation   Hex/Ice        0%         N/A       100%        5
 Leda's Unmaking          Conj/Erth      0%         9d1       100%        6
 Simulacrum               Ice/Necr       0%         N/A       100%        6
 Starburst                Conj/Fire      0%         6d3       100%        6
 Maxwell's Capacitive Co  Air            0%         ∞         100%        8


Dungeon Overview and Level Annotations

Branches:
Dungeon (14/15)            Temple (1/1) D:6            Lair (5/5) D:9
  Swamp (1/4) Lair:3        Snake (0/4) Lair:3        Slime (0/5) Lair:5
    Orc (2/2) D:10            Elf (0/3) Orc:2        Bailey (visited)
Gauntlet (visited)
 Vaults: D:13-14

Altars:
Ashenzari
Cheibriados
Dithmenos
Elyvilon
Fedhas
Gozag
Hepliaklqana
Kikubaaqudgha
Makhleb
Nemelex Xobeh
Okawaru
Qazlal
Ru
Sif Muna
Trog
Uskayaw
Vehumet
Wu Jian
Xom
Yredelemnul
Zin
The Shining One
Jiyva

Shops:
D:7 *   D:8 *   D:10 ?   Orc:2 (([**[=

Portals:
Abyss: D:6

Annotations:
D:4 2 transporters


Innate Abilities, Weirdness & Mutations

You are an enormous anaconda.
You have a powerful constriction melee attack.
Your maximum health is increased.
Your armour is entirely melded.
You are incapable of wielding weapons or throwing items.
You are too large for most types of armour.
((You have claws for hands.))
Your natural rate of healing is unusually fast.
((You are covered in fur. (AC +1)))
((You have tough skin. (AC +1)))


Message History

You body-slam the human!!
You kill the human!
The vault guard hits you with a +1 great sword of venom!!
You are poisoned.
The vault guard completely misses you.
You take 22 damage, and have 119/180 hp.
You hit the vault guard but do no damage.
You grab the vault guard. You constrict the vault guard.
You feel very sick.
You take 2 damage, and have 117/180 hp.
You lash the vault guard!
The vault guard is lightly wounded.
You constrict the vault guard.
You feel sick.
The ironbound frostheart calls freezing cold from the walls.
The frost grips you!
You are encased in ice.
The vault guard hits you with a +1 great sword of venom.
The vault guard barely misses you.
You take 14 damage, and have 103/180 hp.
You body-slam the vault guard!!
The vault guard is heavily wounded.
You constrict the vault guard.
You feel sick.
The ironbound frostheart calls freezing cold from the walls.
The frost grips you!!
The vault guard hits you with a +1 great sword of venom!
You are more poisoned.
The vault guard hits you with a +0 great mace!!
* * * LOW HITPOINT WARNING * * *
You take 67 damage, and have 36/180 hp.
MASSIVE DAMAGE!!
You body-slam the vault guard!!
The vault guard is severely wounded.
You constrict the vault guard!
You feel very sick.
The vault guard hits you with a +1 great sword of venom!
* * * LOW HITPOINT WARNING * * *
You are lethally poisoned!
The vault guard closely misses you.
The ironbound frostheart calls freezing cold from the walls.
The frost grips you!!
You die...

#. ##.## #...########
##..p##.....+ #.....#.#
###......# #.....#†##
........# ##'p'##)†#
#.......# #..pS~(~~#
#....... #....~)~~#
#...... #.~~~~~~~# #.#...
#.#~~~~~~#.#.#..#
#.##~~~~~#.#)#.<#
#.###~~~##.#.#..#
#########.# ##~###.#.#..#
#.........# ### #.#.#..#
#.################.#.#..#


You could see 2 vault guards and an ironbound frostheart.

Vanquished Creatures
  An orc warlord (Orc:2)
  A minotaur (Gauntlet)
  A dire elephant (Lair:5)
  A shambling mangrove (Swamp:1)
  A hydra (Lair:3)
  Erolcha (Orc:1)
  A vault guard (D:14)
  A merfolk avatar (Lair:5)
  5 boulder beetles
  6 centaur warriors
  An alligator (Swamp:1)
  4 death yaks (Lair:4)
  A two-headed ogre (D:11)
  A catoblepas (Lair:1)
  Erica (Orc:1)
  3 orc high priests (Orc:2)
  Urug (Orc:1)
  Nergalle (Orc:1)
  A spriggan (Swamp:1)
  A skyshark (Lair:5)
  A goliath frog (Swamp:1)
  An obsidian statue (D:11)
  A wizard (Gauntlet)
  Pikel (D:6)
  3 deep elf pyromancers
  6 orc knights
  2 harpies (Lair:5)
  The ghost of funaii the Thaumaturge, a novice DESu (D:6)
  5 orc sorcerers
  4 ugly things
  3 cyclopes
  3 manticores
  2 toenail golems (D:6)
  An ice statue (D:11)
  5 elephants
  Jeremiah (D:6)
  10 black mambas
  A gargoyle (D:12)
  A minotaur zombie (Gauntlet)
  15 cane toads
  5 rime drakes
  An unseen horror (D:12)
  2 kobold demonologists (D:11)
  An efreet (D:14)
  4 komodo dragons
  4 polar bears
  A hornet (Swamp:1)
  A troll (shapeshifter) (D:13)
  3 trolls
  2 wolf spider simulacra (Gauntlet)
  3 wind drakes (Lair:5)
  A tyrant leech (Swamp:1)
  A blink frog (shapeshifter) (D:14)
  11 blink frogs
  3 centaur simulacra (Gauntlet)
  9 slime creatures
  4 wyverns
  3 water elementals (D:14)
  A wraith (D:14)
  A shadow (D:12)
  2 humans (D:14)
  39 yaks
  4 steam dragons
  3 basilisks
  3 wargs (Orc:1)
  20 water moccasins
  A hydra simulacrum (Gauntlet)
  Duvessa (D:4)
  46 orc warriors
  3 black bears
  2 ice beasts
  2 sky beasts
  5 centaurs
  8 ogres
  3 wolves (Lair:2)
  A lemure (D:6)
  3 small abominations (D:6)
  9 kobold brigands
  Blork the orc (D:6)
  2 gnoll sergeants (D:10)
  11 bullfrogs
  A hornet simulacrum (Gauntlet)
  4 wights (D:8)
  Dowan (D:4)
  11 killer bees
  A howler monkey (D:6)
  An electric eel (D:14)
  A lava snake (D:12)
  3 hounds
  6 jellies
  6 iguanas
  26 orc priests
  3 sleepcaps
  Ijyb (D:5)
  23 orc wizards
  7 hell rats (Lair:4)
  A boggart simulacrum (Gauntlet)
  8 adders
  11 gnolls
  5 shadow imps
  4 white imps
  An ufetubus (D:5)
  2 worms
  2 dart slugs
  86 orcs
  11 endoplasms
  4 giant cockroaches
  11 goblins
  9 hobgoblins
  4 jackals
  33 kobolds
  5 quokkas
  8 ball pythons
  2 bats
  2 frilled lizards (D:2)
  4 rats
639 creatures vanquished.

Vanquished Creatures (others)
  A human (D:14)
1 creature vanquished.

Grand Total: 640 creatures vanquished

Notes
Turn   | Place    | Note
-------+----------+-------------------------------------------
     0 | D:1      | Dirtsage the Troll Shapeshifter began the quest for the
                  | Orb.
     0 | D:1      | Reached XP level 1. HP: 18/18 MP: 0/0
    32 | D:1      | Reached skill level 1 in Fighting
   170 | D:1      | Reached XP level 2. HP: 21/27 MP: 1/1
   633 | D:2      | Reached XP level 3. HP: 29/33 MP: 2/2
  1024 | D:2      | Reached XP level 4. HP: 41/41 MP: 3/3
  2065 | D:4      | Found a transporter.
  2103 | D:4      | Reached XP level 5. HP: 47/49 MP: 4/4
  2169 | D:4      | Found a transporter.
  2255 | D:4      | Noticed a black bear
  2260 | D:4      | Killed a black bear
  2261 | D:4      | Reached skill level 5 in Unarmed Combat
  2261 | D:4      | Reached XP level 6. HP: 53/59 MP: 5/5
  2382 | D:4      | Noticed Duvessa
  2382 | D:4      | Noticed Dowan
  2389 | D:4      | Killed Duvessa
  2402 | D:4      | Killed Dowan
  2403 | D:4      | Reached XP level 7. HP: 20/67 MP: 6/6
  2869 | D:5      | Entered Level 5 of the Dungeon
  2873 | D:5      | Found a sacrificial altar of Ru.
  3053 | D:5      | Noticed Ijyb
  3060 | D:5      | Killed Ijyb
  3495 | D:5      | Reached skill level 5 in Shapeshifting
  3874 | D:6      | Reached XP level 8. HP: 78/78 MP: 7/7
  3874 | D:6      | Found a stormy altar of Qazlal.
  3881 | D:6      | Noticed Jeremiah
  3901 | D:6      | Noticed Blork the orc
  3904 | D:6      | Killed Jeremiah
  3906 | D:6      | Killed Blork the orc
  4106 | D:6      | Noticed Pikel
  4116 | D:6      | Killed Pikel
  4117 | D:6      | Reached skill level 5 in Fighting
  4117 | D:6      | Reached XP level 9. HP: 71/88 MP: 8/8
  4273 | D:6      | Found a broken altar of Ashenzari.
  4577 | D:6      | Found a transporter.
  4621 | D:6      | Found a one-way gate to the infinite horrors of the Abyss.
  4625 | D:6      | Found a transporter.
  4673 | D:6      | Noticed a toenail golem
  4685 | D:6      | Noticed a toenail golem
  4694 | D:6      | Noticed funaii's ghost (novice DESu)
  4734 | D:6      | Found a staircase to the Ecumenical Temple.
  4764 | Temple   | Entered the Ecumenical Temple
  4801 | Temple   | Became a worshipper of Uskayaw the Reveller
  5026 | D:6      | Reached * piety under Uskayaw
  5027 | D:6      | Reached ** piety under Uskayaw
  5028 | D:6      | Killed a toenail golem
  5031 | D:6      | Reached *** piety under Uskayaw
  5033 | D:6      | Reached **** piety under Uskayaw
  5035 | D:6      | Killed a toenail golem
  5036 | D:6      | Reached skill level 10 in Unarmed Combat
  5057 | D:6      | Killed funaii's ghost
  5058 | D:6      | Reached XP level 10. HP: 98/98 MP: 9/9
  5058 | D:6      | Reached ***** piety under Uskayaw
  5453 | D:7      | Found Rumoheq's Assorted Antiques.
  5457 | D:7      | Bought 2 scrolls labelled YPSIZ HOKLA RAITT for 56 gold
                  | pieces
  5457 | D:7      | Bought a scroll of identify for 56 gold pieces
  6102 | D:8      | Reached skill level 1 in Invocations
  6370 | D:8      | Reached skill level 1 in Shields
  6456 | D:8      | Found Jawigen's Fire Supplies.
  6877 | D:9      | Noticed a deep elf pyromancer
  6888 | D:9      | Killed a deep elf pyromancer
  7099 | D:9      | Upgraded the game from 0.31-a0-691-g409c26aa35 to
                  | 0.31-a0-700-gf13585253f
  7099 | D:9      | Saving game... please wait.
  7104 | D:9      | Found a bloodstained altar of Trog.
  7116 | D:9      | Found an iron altar of Okawaru.
  7119 | D:9      | Found a snail-covered altar of Cheibriados.
  7120 | D:9      | Found a glowing silver altar of Zin.
  7162 | D:9      | Found a staircase to the Lair.
  7361 | D:9      | Found a flagged portal.
  7374 | Bailey   | Entered a bailey
  7665 | Bailey   | Noticed an orc knight
  7696 | Bailey   | Killed an orc knight
  7707 | Bailey   | Identified the +7 triple crossbow "Ryblea" {drain, Str+3
                  | Int+4}
  8029 | D:9      | Found an ancient bone altar of Kikubaaqudgha.
  8198 | D:10     | Entered Level 10 of the Dungeon
  8206 | D:10     | Noticed a boulder beetle
  8219 | D:10     | Killed a boulder beetle
  8220 | D:10     | Reached XP level 11. HP: 59/107 MP: 13/13
  8389 | D:10     | Reached skill level 1 in Armour
  8758 | D:10     | Found a staircase to the Orcish Mines.
  8789 | D:10     | Reached ****** piety under Uskayaw
  8938 | D:10     | Found Zijegg's Magic Scroll Emporium.
  8998 | D:10     | Bought a scroll of revelation for 97 gold pieces
  8998 | D:10     | Bought 2 scrolls of teleportation for 78 gold pieces
  8998 | D:10     | Bought a scroll of teleportation for 39 gold pieces
  9009 | D:10     | Found an opulent altar of Gozag.
  9009 | D:10     | Found a sparkling altar of Nemelex Xobeh.
  9232 | D:10     | Reached skill level 5 in Invocations
  9496 | Lair:1   | Entered Level 1 of the Lair of Beasts
  9640 | Lair:1   | Noticed a catoblepas
  9653 | Lair:1   | Killed a catoblepas
 10286 | Lair:2   | Saving game... please wait.
 10612 | Lair:2   | Noticed a boulder beetle
 10621 | Lair:2   | Killed a boulder beetle
 11212 | Lair:3   | Reached XP level 12. HP: 119/119 MP: 15/15
 11241 | Lair:3   | Noticed a seven-headed hydra
 11297 | Lair:3   | Reached skill level 10 in Shapeshifting
 11348 | Lair:3   | Reached skill level 5 in Armour
 11462 | Lair:3   | You fall into a shaft and drop 1 floor!
 11514 | Lair:4   | Reached skill level 5 in Shields
 11560 | Lair:4   | Found a gate leading to a gauntlet.
 11569 | Gauntlet | Entered a Gauntlet
 11569 | Gauntlet | Found a runed translucent door.
 11569 | Gauntlet | Found a transporter.
 11569 | Gauntlet | Found a runed translucent door.
 11569 | Gauntlet | Found a transporter.
 11571 | Gauntlet | Found a transporter.
 11574 | Gauntlet | Found a transporter.
 11575 | Gauntlet | Found a transporter.
 11575 | Gauntlet | Found a transporter.
 11611 | Gauntlet | Identified the ring of Baittich {Fly rPois rCorr Dex-5}
 11624 | Gauntlet | Found a transporter.
 11625 | Gauntlet | Found a transporter.
 11628 | Gauntlet | Found a transporter.
 11628 | Gauntlet | Found a transporter.
 11733 | Gauntlet | Found a runed translucent door.
 11734 | Gauntlet | Found a runed translucent door.
 11737 | Gauntlet | Noticed an entropy weaver
 11751 | Gauntlet | Found a transporter.
 11751 | Gauntlet | Found a transporter.
 11808 | Gauntlet | Identified the +8 arbalest "Koepurpho" {flame, rElec rPois
                  | rC- rN+}
 11808 | Gauntlet | Noticed a minotaur
 11819 | Gauntlet | Killed a minotaur
 11914 | Gauntlet | Identified the +0 leather armour of Soft Rains {rF- Will+
                  | Str+2}
 11915 | Gauntlet | Got Performing Successful Sorcery
 12001 | Lair:4   | Noticed a death yak
 12008 | Lair:4   | Noticed a death yak
 12008 | Lair:4   | Noticed a death yak
 12008 | Lair:4   | Noticed a death yak
 12019 | Lair:4   | Killed a death yak
 12038 | Lair:4   | Killed a death yak
 12043 | Lair:4   | Killed a death yak
 12051 | Lair:4   | Killed a death yak
 12269 | Lair:4   | Reached XP level 13. HP: 127/128 MP: 18/18
 12457 | Lair:3   | Saving game... please wait.
 12650 | Lair:3   | Found a staircase to the Swamp.
 12689 | Lair:3   | Found a staircase to the Snake Pit.
 13870 | Lair:5   | Entered Level 5 of the Lair of Beasts
 14219 | Lair:5   | Found a viscous altar of Jiyva.
 14219 | Lair:5   | Found a staircase to the Slime Pits.
 14313 | Lair:5   | Noticed a dire elephant
 14338 | Lair:5   | Killed a dire elephant
 14700 | Lair:5   | Identified the +1 leather armour of Omission {rF+ Str+5
                  | Int-2}
 15402 | Orc:1    | Entered Level 1 of the Orcish Mines
 15405 | Orc:1    | Noticed Erica
 15406 | Orc:1    | Noticed Nergalle
 15427 | Orc:1    | Killed Erica
 15431 | Orc:1    | Killed Nergalle
 15533 | Orc:1    | Noticed Urug
 15541 | Orc:1    | Reached XP level 14. HP: 139/139 MP: 20/20
 15545 | Orc:1    | Killed Urug
 15673 | Orc:1    | Noticed Erolcha
 15678 | Orc:1    | Killed Erolcha
 15941 | Orc:2    | Entered Level 2 of the Orcish Mines
 16043 | Orc:2    | Found a staircase to the Elven Halls.
 16082 | Orc:2    | Found Fanafuch's Armour Shoppe.
 16098 | Orc:2    | Found Beamaob's General Store.
 16107 | Orc:2    | Bought a potion of heal wounds for 85 gold pieces
 16113 | Orc:2    | Found Fymymouc's Weapon Boutique.
 16354 | Orc:2    | Paralysed by an orc sorcerer for 4 turns
 16640 | Orc:2    | Noticed an orc warlord
 16665 | Orc:2    | Killed an orc warlord
 16933 | Orc:2    | Found Durynt's Antique Armour Shoppe.
 16934 | Orc:2    | Found Peoxuoty's Antique Weapon Shoppe.
 16936 | Orc:2    | Found Zimumm's General Store.
 16936 | Orc:2    | Found Vuxuanik's Jewellery Emporium.
 16941 | Orc:2    | Bought a scroll of identify for 22 gold pieces
 16941 | Orc:2    | Bought a potion of curing for 33 gold pieces
 17256 | Swamp:1  | Entered Level 1 of the Swamp
 17579 | Swamp:1  | Reached skill level 10 in Invocations
 17824 | D:11     | Found a glowing silver altar of Zin.
 18297 | D:11     | Reached skill level 10 in Armour
 18812 | D:12     | Reached skill level 10 in Fighting
 19429 | D:13     | Found an ornate altar of the Wu Jian Council.
 19522 | D:13     | Learned a level 2 spell: Blink
 19525 | D:13     | Learned a level 2 spell: Lesser Beckoning
 20022 | D:14     | Reached XP level 15. HP: 149/149 MP: 21/21
 20239 | D:14     | Killed from afar by an ironbound frostheart

Illustrated notes

Levels and vault maps discovered:
D:1:      roderic_dead_forest, layout_basic, minmay_tetromino_t4
D:2:      layout_basic
D:3:      layout_loops_cross
D:4:      gammafunk_steamed_eel, layout_loops_cross, uniq_duvessa
D:5:      layout_basic, nicolae_ru_awakened_eye, uniq_ijyb
D:6:      layout_basic, ashenzari_altar_1, mainiacjoe_overflow_small_starburst,
          minmay_temple_entry_mist, gammafunk_ghost_abyssal_escape, uniq_pikel,
          uniq_jeremiah, uniq_blork_the_orc
D:7:      layout_basic, serial_shops, shop
D:8:      layout_basic, nicolae_shop_fire_sale [nicolae_sub_dead_trees]
D:9:      layout_irregular_city, lemuel_crystal_altar, minitemple,
          lemuel_round_altar, lair_entry_dummy, enter_bailey_4,
          minmay_misc_feat_secret_circle
D:10:     layout_layer_cave, grunt_temple_overflow_opulence,
          kennysheep_orc_monster_closet_entryway, serial_shops, shop
D:11:     minmay_separated_statues, layout_basic, minmay_misc_feat_rows,
          zin_treasury
D:12:     layout_irregular_city, kennysheep_opposing_triangles
D:13:     layout_cave_pools, pdpol_wu_jian_five_deadly_venoms
D:14:     layout_basic, hellmonk_vaults_keyhole
Temple:   minmay_temple_forest_path
Lair:1:   layout_hall_layers, serial_bayou_shore_b, grunt_megastairs_3
Lair:2:   layout_roguey, nzn_sisyphean_effort, infiniplex_staircase_pool_2
Lair:3:   layout_long_grid, swamp_mist, minmay_snake_entry_six_corridors,
          grunt_megastairs_4
Lair:4:   layout_cellular_growth, gauntlet_entry_generic, beast_lair_carwin_5
Lair:5:   gammafunk_lair_ancient_temple, layout_hall_layers,
          nicolae_slime_entry_slimehenge, lemuel_fruit_fields,
          lemuel_fruit_fields
Swamp:1:  nicolae_swamp_wrong_neighborhood, layout_basic_swamp,
          serial_swamp_ruin, evilmike_swamp_ruin_house_4,
          evilmike_swamp_ruin_house_6, nicolae_swamp_trees_clearing
Orc:1:    layout_caves, uniq_erolcha, uniq_erica, uniq_nergalle, uniq_urug
Orc:2:    st_orc_congregation, layout_diamond_mine, serial_shops, shop, shop,
          shop

Skill      XL: |  1  2  3  4  5  6  7  8  9 10 11 12 13 14 |
---------------+-------------------------------------------+-----
Fighting       | 1 2 3 5 6 7 8 9 10 | 10.3
Unarmed Combat | 4 5 6 7 9 10 11 12 | 12.8
Shapeshifting  | 4 5 6 7 8 9 11 12 | 12.1
Invocations    | 4 6 8 9 10 | 10.6
Shields        | 3 4 5 7 8 |  8.7
Armour         | 4 6 8 10 | 10.8
Dodging        | |  1.5

Action                     |  1- 3 |  4- 6 |  7- 9 | 10-12 | 13-15 || total
---------------------------+-------+-------+-------+-------+-------++-------
  Melee: Unarmed           |   110 |   102 |   149 |   533 |   845 ||  1739
         Punch             |     2 |       |     7 |     9 |     3 ||    21
         Constrict         |       |       |       |    65 |   151 ||   216
  Throw: Dart              |       |       |       |     2 |       ||     2
 Invoke: Line Pass         |       |       |       |     2 |     1 ||     3
         Stomp             |       |       |       |     3 |       ||     3
         Grand Finale      |       |       |       |     1 |     1 ||     2
  Evoke: Wand              |       |       |     3 |       |     3 ||     6
    Use: Scroll            |       |       |    13 |    13 |     9 ||    35
         Potion            |       |       |     1 |     5 |     3 ||     9
   Stab: Sleeping          |       |     1 |     1 |       |       ||     2
         Paralysed         |       |       |     1 |    43 |    80 ||   124
         Confused          |       |       |       |     2 |       ||     2
         Distracted        |       |       |       |     1 |       ||     1
 Armour: Animal skin       |    74 |    66 |    82 |   178 |       ||   400
         Skin              |       |       |     7 |   266 |   727 ||  1000
  Dodge: Dodged            |    62 |    32 |    63 |   235 |   308 ||   700
         Repelled          |       |       |       |     1 |       ||     1
   Form: Beast             |       |       |       |     3 |       ||     3
         Anaconda          |       |       |       |     3 |       ||     3
         Flux              |       |       |       |     1 |       ||     1
                           |       |       |       |     1 |       ||     1

Table legend: (Time is in decaauts)
 A = Elapsed time spent in this place.
 B = Non-inter-level travel time spent in this place.
 C = Inter-level travel time spent in this place.
 D = Time resting spent in this place.
 E = Time spent auto-exploring this place.
 F = Levels seen in this place.
 G = Mean time per level.
                   A        B        C        D        E       F      G
               +--------+--------+--------+--------+--------+-----+--------+
         Total |  19959 |  18614 |   1345 |    970 |  13886 |  25 |  798.4 |
       Dungeon |  11488 |  10873 |    615 |    191 |   8945 |  14 |  820.6 |
        Temple |     74 |      2 |     72 |      0 |      0 |   1 |   74.0 |
          Lair |   5553 |   4967 |    586 |    265 |   3667 |   5 | 1110.6 |
         Swamp |    374 |    368 |      6 |    172 |     96 |   1 |  374.0 |
  Orcish Mines |   1674 |   1610 |     64 |    201 |    919 |   2 |  837.0 |
        Bailey |    424 |    424 |      0 |     41 |    203 |   1 |  424.0 |
      Gauntlet |    369 |    369 |      0 |    100 |     56 |   1 |  369.0 |
               +--------+--------+--------+--------+--------+-----+--------+

Top non-repeatable levels by time:
  Lair:4: 1368 daAuts
    D:10: 1313 daAuts
  Lair:3: 1241 daAuts
     D:6: 1225 daAuts
  Lair:5: 1173 daAuts
   Orc:2: 1145 daAuts
     D:5: 1002 daAuts
  Lair:2: 967 daAuts
     D:9: 964 daAuts
     D:7: 845 daAuts
    D:11: 826 daAuts
     D:2: 825 daAuts
     D:4: 813 daAuts
  Lair:1: 801 daAuts
     D:8: 800 daAuts
